 Dungeon Crawl Stone Soup version 0.30.1-11-g7821555f0a (webtiles) character file.

Game seed: 15354348825556447186

44 Alfie the Trooper (level 3, 0/33 HPs)
             Began as a Hill Orc Fighter on Nov 28, 2023.
             Succumbed to a hobgoblin's poison
             ... on level 2 of the Dungeon.
             The game lasted 00:01:40 (1013 turns).

Alfie the Trooper (Hill Orc Fighter)                Turns: 1013, Time: 00:01:42

Health: 0/33       AC:  7    Str: 20    XL:     3   Next: 60%
Magic:  3/3        EV:  9    Int:  8    God:
Gold:   79         SH:  4    Dex: 10    Spells: 2/2 levels left

rFire   . . .        a - +0 rapier
rCold   . . .        c - +0 buckler
rNeg    . . .        b - +0 scale mail
rPois   .            (no helmet)
rElec   .            (no cloak)
rCorr   .            (no gloves)
SInv    .            (no boots)
Will    .....        (no amulet) Stlth
                     (no ring)
HPRegen 0.25/turn    (no ring)
MPRegen 0.08/turn

%: no passive effects
@: lethally poisoned (0 -> -8)
A: no striking features
a: no special abilities


You were on level 2 of the Dungeon.
You visited 1 branch of the dungeon, and saw 2 of its levels.

You collected 79 gold pieces.

Inventory:

Hand Weapons
 a - a +0 rapier (weapon)
Armour
 b - a +0 scale mail (worn)
 c - a +0 buckler (worn)
Magical Staves
 k - the staff of poison "Ugongiet" {rPois Str+3}
   (You found it on level 2 of the Dungeon)

   [staff of poison]

   Base accuracy: +5 Base damage: 5 Base attack delay: 1.2 This weapon's minimum
   attack delay (0.6) is reached at skill level 12.
   Str:       It affects your strength (+3).
   rPois:     It protects you from poison.
   It falls into the 'Staves' category.
   It is a one-handed weapon.
Jewellery
 j - a +5 ring of evasion
Scrolls
 f - 3 scrolls of noise {unknown}
 g - 2 scrolls of identify {unknown}
 i - a scroll of blinking {unknown}
Potions
 d - a potion of might
 e - a potion of curing {unknown}
 h - a potion of berserk rage {unknown}
 l - a potion of heal wounds {unknown}


   Skills:
 + Level 4.0 Fighting
 + Level 2.2 Short Blades
 + Level 3.9 Armour
 + Level 0.2 Dodging
 + Level 3.8 Shields


You had 2 spell levels left.
You didn't know any spells.
Your spell library was empty.

Dungeon Overview and Level Annotations

Branches:
Dungeon (2/15)

Altars:


Message History

You barely miss the jackal.
You feel sick. The jackal bites you.
The hobgoblin hits you but does no damage.
The jackal bites you.
You barely miss the jackal.
You feel sick.
You are no longer poisoned.
The hobgoblin hits you but does no damage.
The jackal closely misses you.
You hit the jackal but do no damage.
The jackal bites you but does no damage.
The hobgoblin hits you but does no damage.
The jackal barely misses you.
The hobgoblin hits you but does no damage.
You hit the jackal but do no damage. The jackal bites you.
The hobgoblin hits you but does no damage.
You hit the jackal.
You kill the jackal!
The hobgoblin closely misses you.
Things that are here:
a jackal corpse; a jackal corpse; a jackal corpse The hobgoblin throws a poisoned dart.
The poisoned dart hits you!
You are poisoned.
You feel sick.
The hobgoblin throws a poisoned dart.
The poisoned dart hits you!
You are more poisoned.
You feel very sick.
* * * LOW HITPOINT WARNING * * *
You feel very sick.
The hobgoblin throws a poisoned dart.
The poisoned dart closely misses you.
* * * LOW HITPOINT WARNING * * *
You feel sick.
The hobgoblin throws a poisoned dart.
You block the poisoned dart.
You feel sick.
You feel sick.
You feel sick.
The hobgoblin throws a poisoned dart.
The poisoned dart hits you!
You are lethally poisoned!
* * * LOW HITPOINT WARNING * * *
You feel very sick.
The hobgoblin throws a poisoned dart.
You block the poisoned dart.
You die...

##.........# ...........#
#.........# #..>......#
#.........# .## #.........#
.....#####.........# #
#....†.g.@...##### ###
......#####...#.<...### #####
..#####...# #..#######...###....
#.....###...##.## #.....#..##....
#..##...###.....###(######..#....
#..#......###........# ##....(.
..##.).##...###......########..[.
..#..#..##.......................
.##.##.......##...........###....


You could see a hobgoblin.

Vanquished Creatures
  An adder (D:2)
  A worm (D:2)
  A dart slug (D:2)
  An orc (D:2)
  2 goblins
  6 hobgoblins
  6 jackals (D:2)
  2 quokkas (D:1)
  2 bats
  A kobold (D:1)
  3 rats
26 creatures vanquished.

Notes
Turn   | Place    | Note
-------+----------+-------------------------------------------
     0 | D:1      | Alfie the Hill Orc Fighter began the quest for the Orb.
     0 | D:1      | Reached XP level 1. HP: 19/19 MP: 1/1
   168 | D:1      | Found a faded altar of an unknown god.
   196 | D:1      | Reached XP level 2. HP: 21/24 MP: 2/2
   823 | D:2      | Identified the staff of poison "Ugongiet" {rPois Str+3}
   833 | D:2      | Reached skill level 4 in Fighting
   833 | D:2      | Reached XP level 3. HP: 26/33 MP: 3/3
  1013 | D:2      | Succumbed to a hobgoblin's poison

Illustrated notes

Levels and vault maps discovered:
D:1:      dpeg_arrival_lava_altar, layout_rooms, ebering_ecumenical_altar_rust,
          minmay_misc_feat_ornament, chequers_decorated_corner,
          amethyst_killhole, hex_intersection
D:2:      minmay_skewed_foursquare, layout_rooms, kennysheep_generic_room_9

Skill      XL: |  1  2 |
---------------+-------+-----
Fighting       | 4 |  4.0
Short Blades   | |  2.2
Armour         | |  3.9
Dodging        | |  0.2
Shields        | |  3.8

Action                     || total
---------------------------++-------
  Melee: Rapier            ||   123
 Armour: Scale mail        ||    61
  Dodge: Dodged            ||    60
  Block: Buckler           ||    34
